 Dungeon Crawl Stone Soup version 0.29.0-7-g18a832c13a (webtiles) character file.

Game seed: 343693144689841009

46 Bartlander the Cudgeller (level 3, -1/42 HPs)
             Began as a Palentonga Warper on Aug 31, 2022.
             Shot with a sling bullet by a goblin (4 damage)
             ... led by Robin
             ... on level 2 of the Dungeon.
             The game lasted 00:09:48 (2115 turns).

Bartlander the Cudgeller (Palentonga Warper)        Turns: 2115, Time: 00:09:48

Health: -1/42      AC: 21    Str: 18    XL:     3   Next: 46%
Magic:  6/6        EV:  1    Int: 13    God:
Gold:   81         SH:  0    Dex:  9    Spells: 4/6 levels left

rFire   . . .      SeeInvis +   f - +2 mace (pain)
rCold   . . .      Faith    .   (no shield)
rNeg    . . .      Spirit   .   (body armour currently unavailable)
rPois   +          Reflect  .   (helmet currently unavailable)
rElec   .          Harm     .   (cloak currently unavailable)
rCorr   .          Rampage  .   (gloves currently unavailable)
Will    .....      NoTele   +   (no barding)
Stlth   +.........              (no amulet)
HPRegen 0.14/turn               (no ring)
MPRegen 0.10/turn               (no ring)

@: tree-form (expiring), invisible
A: stationary, stasis, torment immunity, boosted hp, large, rugged brown scales
3, see invisible, (deformed body), (roll 1), (armoured tail)
a: no special abilities


You were on level 2 of the Dungeon.
You were a tree.
You visited 1 branch of the dungeon, and saw 2 of its levels.

You collected 81 gold pieces.

Inventory:

Hand Weapons
 a - a +0 mace
 f - a +2 mace of pain (weapon)
Missiles
 d - 2 boomerangs of dispersal (quivered)
Armour
 b - a +1 leather armour (melded)
 g - a +0 ring mail
 k - a +0 cloak (melded)
Scrolls
 i - 3 scrolls of teleportation {unknown}
Potions
 e - 2 potions of attraction


   Skills:
 - Level 2.0 Fighting
 + Level 3.5 Maces & Flails
 - Level 0.6 Throwing
 - Level 0.7 Armour
 - Level 1.5 Dodging
 - Level 2.2 Spellcasting
 - Level 3.2 Translocations


You had 4 spell levels left.
You knew the following spells:

 Your Spells              Type           Power      Damage    Failure   Level
a - Blink                 Tloc           18%        N/A       10%         2

Your spell library contained the following spells:

 Spells                   Type           Power      Damage    Failure   Level
 Gell's Gravitas          Tloc           9%         N/A       21%         3
 Lesser Beckoning         Tloc           9%         N/A       21%         3
 Teleport Other           Tloc           9%         N/A       21%         3
 Necrotise                Necr           4%         1d4       26%         1
 Conjure Flame            Conj/Fire      1%         6-21      58%         3
 Ignite Poison            Fire/Tmut/Pois 1%         N/A       58%         3
 Vampiric Draining        Necr           1%         2d6       58%         3
 Sticky Flame             Conj/Fire      1%         2d3       94%         4
 Manifold Assault         Tloc           9%         N/A       88%         5
 Agony                    Necr           1%         N/A       100%        5


Dungeon Overview and Level Annotations

Branches:
Dungeon (2/15)

Altars:

Annotations:
D:2 Terence


Innate Abilities, Weirdness & Mutations

You are a tree.
Your roots penetrate the ground, keeping you stationary.
You cannot be teleported.
You are immune to unholy pain and torment.
Your maximum health is greatly increased.
Your equipment is partially melded.
(You are completely covered in rugged brown scales. (AC +3, +7% HP))
You have supernaturally acute eyesight. (SInv)
((Armour fits poorly on your strangely shaped body.))
((You can roll at nearby foes to attack.))
((You have a long armoured tail.))


Message History

The goblin shoots a sling bullet.
The sling bullet closely misses you.
You feel very sick.
You feel sick.
The goblin shoots a sling bullet.
The sling bullet hits you but does no damage.
* * * LOW HITPOINT WARNING * * *
You feel sick.
* * * LOW HITPOINT WARNING * * *
You feel sick.
The goblin shoots a sling bullet.
The sling bullet completely misses you.
* * * LOW HITPOINT WARNING * * *
You feel sick.
The goblin shoots a sling bullet.
The sling bullet hits you.
* * * LOW HITPOINT WARNING * * *
There is an open door here.
It was a potion of invisibility.
You fade into invisibility!
* * * LOW HITPOINT WARNING * * *
You feel sick.
The goblin shoots a sling bullet.
The sling bullet closely misses you.
It was a potion of lignification.
You turn into a tree.
Your +0 cloak melds into your body.
Your +1 leather armour melds into your body.
Your roots penetrate the ground.
You feel sick.
The goblin shoots a sling bullet.
The sling bullet hits you but does no damage.
You feel sick.
You feel sick.
You are no longer poisoned.
The goblin shoots a sling bullet.
The sling bullet hits you but does no damage.
The goblin shoots a sling bullet.
The sling bullet hits you but does no damage.
The goblin shoots a sling bullet.
The sling bullet completely misses you.
The goblin shoots a sling bullet.
The sling bullet barely misses you.
The goblin shoots a sling bullet.
The sling bullet hits you but does no damage.
The goblin shoots a sling bullet.
The sling bullet hits you but does no damage.
Your transformation is almost over.
The goblin shoots a sling bullet.
The sling bullet hits you.
You die...

#...............# #.#
#..#.#.#####.##.###.#
###.####<.....#
#........#
.......)).....#
####.#####
###.####......# #.#
####.### #.# #.#
###.# #.# ####...#
##♣## #......#
##...## #.##.#.#
##....g###.##.#.#
##.......##.##...#
###.........#.##...#
..'.........'.......#
###.........#......##
##.......######..#
##.....## .#


You could see a goblin (unable to see you).

Vanquished Creatures
  Robin (D:1)
  An adder (D:2)
  4 ball pythons
  2 endoplasms
  2 giant cockroaches
  4 hobgoblins
  A quokka (D:2)
  A bat (D:1)
  5 goblins (D:2)
  3 kobolds (D:1)
  A rat (D:1)
25 creatures vanquished.

Notes
Turn   | Place    | Note
-------+----------+-------------------------------------------
     0 | D:1      | Bartlander the Palentonga Warper began the quest for the
                  | Orb.
     0 | D:1      | Reached XP level 1. HP: 17/17 MP: 3/3
   464 | D:1      | Found a faded altar of an unknown god.
   465 | D:1      | Reached XP level 2. HP: 23/23 MP: 5/5
   468 | D:1      | Learned a level 2 spell: Blink
   764 | D:2      | Noticed Robin
   780 | D:1      | Killed Robin
  1045 | D:2      | Reached XP level 3. HP: 26/28 MP: 6/6
  1047 | D:2      | Noticed Terence
  2108 | D:2      | HP: 2/42 [poisoned by a goblin]
  2115 | D:2      | Shot with a sling bullet by a goblin

Illustrated notes

Levels and vault maps discovered:
D:1:      minmay_arrival_stone_box, layout_basic,
          ebering_ecumenical_altar_sacrificial
D:2:      layout_loops_corners, minmay_stone_trees_small,
          minmay_misc_feat_more_columns, kennysheep_generic_room_11, uniq_robin,
          uniq_terence, uniq_crazy_yiuf_cottage

Skill      XL: |  1  2 |
---------------+-------+-----
Maces & Flails | 3 |  3.5
Fighting       | |  2.0
Throwing       | |  0.6
Armour         | |  0.7
Dodging        | |  1.5
Spellcasting   | |  2.2
Translocations | |  3.2

Action                   || total
-------------------------++-------
Melee: Mace              ||    60
       Tailslap          ||     4
       Punch             ||     1
Throw: Boomerang         ||     5
 Abil: Rolling Charge    ||    11
  Use: Scroll            ||     3
       Potion            ||     2
Armor: Leather armour    ||    19
       Skin              ||     5
Dodge: Dodged            ||    28
